 Dungeon Crawl Stone Soup version 0.17-a0-737-gf0a300a (webtiles) character file.

10452 Ngotmuk the Covert (level 11, -2/100 HPs)
             Began as a Deep Dwarf Fighter on Apr 25, 2015.
             Was a Priest of Ru.
             Slain by a komodo dragon (6 damage)
             ... on level 1 of the Lair of Beasts.
             The game lasted 00:36:26 (9033 turns).

Ngotmuk the Covert (Deep Dwarf Fighter)             Turns: 9033, Time: 00:36:26

Health: -2/100     AC: 23    Str: 29      XL:     11   Next: 36%
Magic:  11/11      EV: 12    Int:  6      God:    Ru [***...]
Gold:   557        SH:  9    Dex: 11 (12) Spells: 0 memorised, 10 levels left

rFire  + . .     SeeInvis .     a - +1 war axe (chop)
rCold  . . .     Clarity  +     E - +2 scale mail {rF+}
rNeg   . . .     SustAb   +     e - +2 buckler
rPois  +         Gourm    .     F - +0 helmet
rElec  .         Spirit   .     y - +0 cloak
rCorr  .         Warding  .     x - +2 pair of gloves {Str+3}
rMut   .         Stasis   .     (no boots)
MR     +....                    (no amulet)
Stlth  +++.......               H - ring of sustain abilities
                                n - +5 ring of protection

@: non-regenerating, heavily drained, somewhat resistant to hostile
enchantments, fairly stealthy
A: damage resistance, recharge devices, repulsion field 1, icy blue scales 1,
large bone plates 1, blink 1, clarity, dopey 1, sense surroundings 2, poison
resistance, slow healing 3, spit poison 1, strong 1, inability to use devices
a: Device Recharging, Spit Poison, Blink, Draw Out Power, Renounce Religion


You were on level 1 of the Lair of Beasts.
You worshipped Ru.
Ru was most pleased with you.
You were not hungry.

You visited 2 branches of the dungeon, and saw 12 of its levels.

You collected 557 gold pieces.

Inventory:

Hand weapons
 a - a +1 war axe of chopping (weapon)
Missiles
 g - 4 silver tomahawks (quivered)
Armour
 e - a +2 buckler (worn)
 x - a +2 pair of gloves of strength (worn)
 y - a +0 cloak (worn)
 E - a +2 scale mail of fire resistance (worn)
 F - a +0 helmet (worn)
Jewellery
 n - a +5 ring of protection (left hand)
 w - an uncursed amulet of resist mutation
 H - a ring of sustain abilities (right hand)
Scrolls
 c - a scroll of torment {unknown}
 j - 6 scrolls of remove curse
 k - 5 scrolls of fear
 l - a scroll of magic mapping
 o - a scroll of immolation
 s - 2 scrolls of summoning {unknown}
 v - a scroll of amnesia {unknown}
 B - a scroll of enchant weapon
 C - 2 scrolls of teleportation {unknown}
Potions
 d - 3 potions of might
 h - 4 potions of invisibility {unknown}
 i - a potion of agility {unknown}
 m - a potion of restore abilities
 p - 4 potions of curing
 q - a potion of cancellation
 r - a potion of berserk rage {unknown}
 t - a potion of lignification {unknown}
 u - 4 potions of heal wounds
 D - 2 potions of magic {unknown}
Comestibles
 b - 17 fruits
 f - 6 bread rations
 z - 5 meat rations
 A - 17 royal jellies


   Skills:
 + Level 7.1(5.3) Fighting
 + Level 8.4(6.6) Axes
 + Level 9.1(7.3) Armour
 + Level 13.0(11.0) Stealth
 + Level 8.6(6.8) Shields


You had 10 spell levels left.
You didn't know any spells.

Dungeon Overview and Level Annotations

Branches:
Dungeon (11/15)            Temple (0/1) D:5            Lair (1/8) D:8
    Orc: D:9-12

Altars:
Ashenzari
Cheibriados
Gozag
Kikubaaqudgha
Okawaru
Qazlal
Ru
Trog
Yredelemnul

Shops:
D:8 ?*

Annotations:
D:7 exclusion: oklob plant


Innate Abilities, Weirdness & Mutations

You are resistant to damage.
You can recharge devices by infusing magical energy.
You passively map the area around you.
You do not heal naturally.
You cannot study or use magical devices.
You are surrounded by a mild repulsion field (EV +2).
You are partially covered in icy blue scales (AC +1).
You are partially covered in large bone plates (AC +2, SH +2).
You can translocate small distances at will.
You possess an exceptional clarity of mind.
You are dopey. (Int -2)
Your system is resistant to poisons.
You can spit weak poison.
Your muscles are strong. (Str +2)


Message History

You slash the komodo dragon!
The komodo dragon is heavily wounded.
The komodo dragon bites you but does no damage.
You hit the komodo dragon but do no damage.
The komodo dragon is heavily wounded.
You block the komodo dragon's attack.
You closely miss the komodo dragon.
The komodo dragon is heavily wounded.
The komodo dragon is stunned by your will and fails to attack.
The komodo dragon bites you!
* * * LOW HITPOINT WARNING * * *
You slash the komodo dragon!
The komodo dragon is severely wounded.
The komodo dragon bites you!!
* * * LOW HITPOINT WARNING * * *
You focus your will and illuminate the komodo dragon in retribution!
You hit the komodo dragon but do no damage.
The komodo dragon is severely wounded.
The komodo dragon bites you!
You die...

..## , ...# .. #. * #
...# #....,...## ,.#.
...##..........###
.....#
...#..#..........# *
.......
..##.............# *
,,........
..#..#...........#
,,.........
<...............l#
,......."..
................@#
*,...........
...#..รท..........#
............
.###.............#
............ .#
#...........###
............
####..........##
**#.......... #
#.........###
######..### #
#......#..P# ###...##
#######.#..## ###
##...P.#
####..###.#####..[.###


You could see a komodo dragon.

Vanquished Creatures
  A hill giant (D:10)
  2 ugly things
  A komodo dragon (Lair:1)
  A queen bee (D:10)
  2 two-headed ogres (D:8)
  2 trolls
  A trapdoor spider (D:10)
  A wyvern (D:10)
  Eustachio (D:6)
  8 yaks
  A hippogriff (D:11)
  2 hungry ghosts
  Edmund (D:6)
  2 water moccasins
  2 sky beasts
  A porcupine (Lair:1)
  A black bear (D:10)
  4 centaurs
  2 phantoms
  An orc warrior (D:6)
  3 ogres
  A gnoll sergeant (D:10)
  A big kobold (D:8)
  7 giant frogs
  2 crocodiles (Lair:1)
  A scorpion (D:10)
  28 killer bees
  A spriggan skeleton (D:10)
  A troll skeleton (D:10)
  4 crimson imps
  5 orc priests
  2 quasits
  2 giant frog skeletons
  5 orc wizards
  2 centaur skeletons
  A gnoll shaman (D:8)
  6 hounds
  3 iguanas
  3 worker ants
  3 hound zombies
  A hound skeleton (D:9)
  20 gnolls
  16 river rats
  4 adders
  4 shadow imps
  A white imp (D:6)
  An ufetubus (D:6)
  An adder skeleton (D:8)
  2 worms
  38 orcs
  2 ball pythons
  16 bats
  A bat skeleton (D:7)
  2 bat zombies
  3 giant cockroaches
  16 hobgoblins
  3 jackals (D:1)
  2 quokkas (D:8)
  6 giant geckos
  2 giant newts
  16 goblins
  17 kobolds
  A quokka skeleton (D:9)
  22 rats
  A spectral orc (D:8)
316 creatures vanquished.

Vanquished Creatures (others)
  Erolcha (D:9)
  An ugly thing (D:11)
  A giant spore (D:11)
  6 fungi (D:7)
9 creatures vanquished.

Grand Total: 325 creatures vanquished

Notes
Turn   | Place    | Note
--------------------------------------------------------------
     0 | D:1      | Ngotmuk, the Deep Dwarf Fighter, began the quest for the Orb.
     0 | D:1      | Reached XP level 1. HP: 20/20 MP: 1/1
   234 | D:1      | Reached XP level 2. HP: 27/27 MP: 2/2
   402 | D:1      | Reached skill level 1 in Stealth
   588 | D:2      | Reached XP level 3. HP: 29/34 MP: 3/3
   902 | D:2      | Found an iron altar of Okawaru.
   920 | D:2      | Reached skill level 4 in Armour
  1015 | D:2      | Reached XP level 4. HP: 22/42 MP: 4/4
  1025 | D:2      | Found an ancient bone altar of Kikubaaqudgha.
  1485 | D:4      | Found a sacrificial altar of Ru.
  1497 | D:4      | Became a worshipper of Ru the Awakened
  1624 | D:4      | Reached XP level 5. HP: 43/49 MP: 5/5
  1839 | D:4      | Noticed an ogre
  1865 | D:4      | HP: 2/49 [ogre/giant club (10)]
  1873 | D:5      | Entered Level 5 of the Dungeon
  1932 | D:5      | Found a staircase to the Ecumenical Temple.
  1932 | D:5      | Noticed a centaur
  1947 | D:5      | Killed a centaur
  1947 | D:5      | Reached XP level 6. HP: 11/57 MP: 6/6
  1959 | D:5      | Noticed a centaur
  1965 | D:5      | Killed a centaur
  2355 | D:5      | Gained mutation: You cannot study or use magical devices. [Ru sacrifice]
  2355 | D:5      | Acquired Ru's first power
  2355 | D:5      | Acquired Ru's second power
  2355 | D:5      | Acquired Ru's third power
  2483 | D:5      | Reached XP level 7. HP: 16/64 MP: 7/7
  2527 | D:5      | Reached skill level 5 in Stealth
  2561 | D:5      | Found an opulent altar of Gozag.
  2741 | D:4      | Got a heavily runed leather armour
  2752 | D:4      | Identified the +2 leather armour "Sameok" {Int+4} (You found it on level 4 of the Dungeon)
  2835 | D:3      | Reached skill level 5 in Armour
  3049 | D:3      | Reached skill level 5 in Shields
  3501 | D:6      | HP: 2/64 [orc warrior/halberd (16)]
  3504 | D:6      | Reached skill level 6 in Stealth
  3595 | D:6      | Gained mutation: Your magical capacity is low (-10% MP). [potion of mutation]
  3595 | D:6      | Gained mutation: You are partially covered in icy blue scales (AC +1). [potion of mutation]
  3727 | D:6      | Noticed Edmund
  3736 | D:6      | Killed Edmund
  3736 | D:6      | Reached XP level 8. HP: 16/73 MP: 7/7
  3912 | D:6      | Noticed Eustachio
  3951 | D:6      | Killed Eustachio
  3951 | D:6      | Reached skill level 7 in Stealth
  4033 | D:6      | Reached skill level 5 in Axes
  4398 | D:7      | Noticed an oklob plant
  4470 | D:7      | Gained mutation: You are dopey. (Int -2) [potion of mutation]
  4470 | D:7      | Gained mutation: You possess an exceptional clarity of mind. [potion of mutation]
  4470 | D:7      | Gained mutation: Your muscles are strong. (Str +2) [potion of mutation]
  5057 | D:7      | Found an opulent altar of Gozag.
  5148 | D:7      | Reached skill level 8 in Stealth
  5155 | D:7      | Gained mutation: Your system is resistant to poisons. [mutagenic meat]
  5282 | D:8      | Reached skill level 5 in Fighting
  5284 | D:8      | Noticed a two-headed ogre
  5441 | D:8      | Gained mutation: You passively map the area around you. [Deep Dwarf growth]
  5441 | D:8      | Reached XP level 9. HP: 59/81 MP: 8/8
  5447 | D:8      | Found a snail-covered altar of Cheibriados.
  5477 | D:8      | Found a basalt altar of Yredelemnul.
  5525 | D:8      | Killed a two-headed ogre
  5547 | D:8      | Reached skill level 9 in Stealth
  5564 | D:8      | Found Zalagy's Assorted Antiques.
  5613 | D:8      | Found a staircase to the Lair.
  5614 | D:8      | Found Qaaq's Magic Scroll Shop.
  5860 | D:8      | Found a stormy altar of Qazlal.
  6582 | D:9      | Reached skill level 10 in Stealth
  6594 | D:9      | Found a shattered altar of Ashenzari.
  6632 | D:9      | Noticed Erolcha
  6640 | D:9      | Paralysed by Erolcha for 4 turns
  6649 | D:9      | Killed Erolcha
  6649 | D:9      | Reached XP level 10. HP: 36/91 MP: 9/9
  6876 | D:9      | Noticed a purple ugly thing
  6883 | D:9      | Killed a purple ugly thing
  6889 | D:9      | Gained mutation: You can spit weak poison. [mutagenic meat]
  6890 | D:9      | Gained mutation: You are surrounded by a mild repulsion field (EV +2). [mutagenic meat]
  6891 | D:9      | Gained mutation: You are partially covered in large bone plates (AC +2, SH +2). [mutagenic meat]
  6904 | D:9      | Found a bloodstained altar of Trog.
  7037 | D:10     | Entered Level 10 of the Dungeon
  7044 | D:9      | Reached skill level 11 in Stealth
  7588 | D:10     | Reached skill level 12 in Stealth
  7928 | D:10     | Reached XP level 11. HP: 72/99 MP: 9/9
  7933 | D:10     | Found a runed door.
  8084 | D:10     | Lost mutation: Your muscles are strong. (Str +2) [mutagenic meat]
  8085 | D:10     | Gained mutation: Your muscles are strong. (Str +2) [mutagenic meat]
  8087 | D:10     | Gained mutation: You are very dopey. (Int -4) [mutagenic meat]
  8088 | D:10     | Gained mutation: You can translocate small distances at will. [mutagenic meat]
  8307 | D:10     | Noticed a hill giant
  8319 | D:10     | Killed a hill giant
  8420 | D:11     | Noticed a four-headed hydra
  8470 | D:10     | Lost mutation: Your magical capacity is low (-10% MP). [mutagenic meat]
  8472 | D:10     | Lost mutation: You are very dopey. (Int -4) [mutagenic meat]
  8555 | Lair:1   | Entered Level 1 of the Lair of Beasts
  8609 | Lair:1   | Reached skill level 13 in Stealth
  9032 | Lair:1   | HP: 4/100 [komodo dragon (18)]
  9033 | Lair:1   | Slain by a komodo dragon

Action                   |  1- 3 |  4- 6 |  7- 9 | 10-12 || total
-------------------------+-------+-------+-------+-------++-------
Melee: War axe           |   123 |   188 |   387 |   509 ||  1207
Throw: Tomahawk          |       |     4 |       |       ||     4
Invok: Draw Out Power    |       |     1 |    18 |    24 ||    43
       Sacrifice Artific |       |     1 |       |       ||     1
       Reject Sacrifices |       |       |     2 |       ||     2
Evoke: Wand              |       |     5 |       |       ||     5
  Use: Scroll            |       |    10 |     7 |     1 ||    18
       Potion            |       |       |     2 |       ||     2
 Stab: Invisible         |       |       |     2 |     1 ||     3
       Sleeping          |       |       |    14 |     7 ||    21
       Distracted        |       |       |     2 |     4 ||     6
  Eat: Meat ration       |     1 |     1 |     1 |     1 ||     4
       Chunk             |       |       |     4 |    14 ||    18
       Bread ration      |       |       |     1 |       ||     1
       Beef jerky        |       |       |     1 |       ||     1
       Fruit             |       |       |       |     1 ||     1
       Royal jelly       |       |       |       |     1 ||     1
       Pizza             |       |       |       |     1 ||     1
